3L
HARTFORD WHALERS @ KINGSTON TOWNSHIP LEGION
09/15/2023
 
TOP OF THE 1ST
Hartford Whalers batting - Pitching for Kingston Township Legion : RHP Jon Briddon
Pitching: RHP Jon Briddon
Batting: RHB Fernando Camacho 0-0: Ball
1-0: Swinging Strike
1-1: Ball
2-1: Fly out, F4 (Line Drive, 34D)
Batting: RHB Javier Díaz 0-0: Ball
1-0: Ground out 6-3 (Groundball, 6)
Batting: RHB Joe Craig 0-0: Ball
1-0: Swinging Strike
1-1: DOUBLE (Flyball, 8RXD)
Batting: LHB César Durán 0-0: Fly out, F7 (Flyball, 78XD)
Top of the 1st over - 0 run(s), 1 hit(s), 0 error(s), 1 left on base; Hartford 0 - Kingston Township 0
BOTTOM OF THE 1ST
Kingston Township Legion batting - Pitching for Hartford Whalers : RHP Fernando Peralta
Pitching: RHP Fernando Peralta
Batting: LHB Forrest McCooke 0-0: Called Strike
0-1: Ball
1-1: Ball
2-1: Ball
3-1: Base on Balls
Batting: RHB Jon Erickson 0-0: Ball
1-0: Called Strike
1-1: Foul Ball, location: 2F
1-2: Foul Ball, location: 2F
1-2: SINGLE (Line Drive, 9LS)
Forrest McCooke to second
Batting: RHB Layton Templeman 0-0: Ball
1-0: Ball
2-0: Foul Ball, location: 2F
2-1: Called Strike
2-2: Ball
3-2: Grounds into double play, 4-6-3 (Groundball, 4)
Forrest McCooke to third
Batting: LHB Clay Rush 0-0: Foul Ball, location: 2F
0-1: Ball
1-1: Fly out, F3 (Popup, 3F)
Bottom of the 1st over - 0 run(s), 1 hit(s), 0 error(s), 1 left on base; Hartford 0 - Kingston Township 0
TOP OF THE 2ND
Hartford Whalers batting - Pitching for Kingston Township Legion : RHP Jon Briddon
Batting: RHB Michael Collins 0-0: Fly out, F9 (Flyball, 9M)
Batting: RHB Jared Smith 0-0: Called Strike
0-1: Swinging Strike
0-2: Ball
1-2: Ball
2-2: Strikes out swinging
Batting: RHB Phil Hayes 0-0: Foul Ball, location: 2F
0-1: Ball
1-1: Called Strike
1-2: Ball
2-2: Ball
3-2: Foul Ball, location: 2F
3-2: Strikes out looking
Top of the 2nd over - 0 run(s), 0 hit(s), 0 error(s), 0 left on base; Hartford 0 - Kingston Township 0
BOTTOM OF THE 2ND
Kingston Township Legion batting - Pitching for Hartford Whalers : RHP Fernando Peralta
Batting: RHB Pedro Mendoza 0-0: Called Strike
0-1: Fly out, F6 (Line Drive, 6)
Batting: RHB Pete Knight 0-0: Called Strike
0-1: Ball
1-1: Ground out 6-3 (Groundball, 6MS)
Batting: LHB Martín Núñes 0-0: Called Strike
0-1: Foul Ball, location: 2F
0-2: Ball
1-2: Ball
2-2: Foul Ball, location: 2F
2-2: Ground out 6-3 (Groundball, 6)
Bottom of the 2nd over - 0 run(s), 0 hit(s), 0 error(s), 0 left on base; Hartford 0 - Kingston Township 0
TOP OF THE 3RD
Hartford Whalers batting - Pitching for Kingston Township Legion : RHP Jon Briddon
Batting: RHB Dave Farr 0-0: Ground out 5-3 (Groundball, 5S)
Batting: RHB Orlando Jiménez 0-0: Swinging Strike
0-1: Swinging Strike
0-2: Ball
1-2: Strikes out swinging
Batting: RHB Fernando Camacho 0-0: SOLO HOME RUN (Line Drive, 7D), Distance : 417 ft
Batting: RHB Javier Díaz 0-0: Called Strike
0-1: Called Strike
0-2: Strikes out looking
Top of the 3rd over - 1 run(s), 1 hit(s), 0 error(s), 0 left on base; Hartford 1 - Kingston Township 0
BOTTOM OF THE 3RD
Kingston Township Legion batting - Pitching for Hartford Whalers : RHP Fernando Peralta
Batting: RHB Dan Holliday 0-0: Ball
1-0: Called Strike
1-1: Ball
2-1: Ball
3-1: Fly out, F6 (Line Drive, 6)
Batting: RHB José Icaza 0-0: Ball
1-0: Called Strike
1-1: Foul Ball, location: 2F
1-2: Strikes out swinging
Batting: LHB Forrest McCooke 0-0: Bunted foul
0-1: Ball
1-1: Swinging Strike
1-2: Ball
2-2: Ground out 1-3 (Groundball, 13S)
Bottom of the 3rd over - 0 run(s), 0 hit(s), 0 error(s), 0 left on base; Hartford 1 - Kingston Township 0
TOP OF THE 4TH
Hartford Whalers batting - Pitching for Kingston Township Legion : RHP Jon Briddon
Batting: RHB Joe Craig 0-0: Ball
1-0: Ball
2-0: Ball
3-0: Base on Balls
Batting: LHB César Durán 0-0: Called Strike
0-1: Fly out, F8 (Flyball, 8LXD)
Batting: RHB Michael Collins 0-0: Ball
1-0: Called Strike
1-1: Foul Ball, location: 2F
1-2: Strikes out swinging
Batting: RHB Jared Smith 0-0: Called Strike
0-1: Called Strike
0-2: Ground out 6-3 (Groundball, 6)
Top of the 4th over - 0 run(s), 0 hit(s), 0 error(s), 1 left on base; Hartford 1 - Kingston Township 0
BOTTOM OF THE 4TH
Kingston Township Legion batting - Pitching for Hartford Whalers : RHP Fernando Peralta
Batting: RHB Jon Erickson 0-0: Foul Ball, location: 2F
0-1: DOUBLE (Line Drive, 78M)
Batting: RHB Layton Templeman 0-0: Called Strike
0-1: Swinging Strike
0-2: Strikes out looking
Batting: LHB Clay Rush 0-0: Ground out 4-3 (Groundball, 4)
Jon Erickson to third
Batting: RHB Pedro Mendoza 0-0: Foul Ball, location: 2F
0-1: Ball
1-1: Foul Ball, location: 2F
1-2: Ball
2-2: Ball
3-2: Base on Balls
Batting: RHB Pete Knight 0-0: Ball
1-0: Foul Ball, location: 2F
1-1: Foul Ball, location: 2F
1-2: Fielders Choice at 2nd, U6 (Groundball, 6M)
Bottom of the 4th over - 0 run(s), 1 hit(s), 0 error(s), 2 left on base; Hartford 1 - Kingston Township 0
TOP OF THE 5TH
Hartford Whalers batting - Pitching for Kingston Township Legion : RHP Jon Briddon
Batting: RHB Phil Hayes 0-0: Fly out, F4 (Popup, 4M)
Batting: RHB Dave Farr 0-0: Called Strike
0-1: Ground out 4-3 (Groundball, 4M)
Batting: RHB Orlando Jiménez 0-0: Ball
1-0: Called Strike
1-1: Foul Ball, location: 2F
1-2: Ball
2-2: Ball
3-2: Base on Balls
Batting: RHB Fernando Camacho 0-0: Ball
1-0: Foul Ball, location: 2F
1-1: Foul Ball, location: 2F
1-2: Ground out 6-3 (Groundball, 6)
Top of the 5th over - 0 run(s), 0 hit(s), 0 error(s), 1 left on base; Hartford 1 - Kingston Township 0
BOTTOM OF THE 5TH
Kingston Township Legion batting - Pitching for Hartford Whalers : RHP Fernando Peralta
Batting: LHB Martín Núñes 0-0: Ground out 5-3 (Groundball, 56)
Batting: RHB Dan Holliday 0-0: Ball
1-0: Ball
2-0: Called Strike
2-1: Swinging Strike
2-2: Ball
3-2: Base on Balls
Batting: RHB José Icaza 0-0: Called Strike
0-1: Fly out, F8 (Flyball, 8LM)
Batting: LHB Forrest McCooke 0-0: Ball
1-0: Ball
2-0: Called Strike
2-1: Ball
3-1: Base on Balls
Dan Holliday to second
Batting: RHB Jon Erickson 0-0: Called Strike
0-1: Ball
1-1: Ball
Wild Pitch!
Dan Holliday to third
Forrest McCooke to second
2-1: Ball
3-1: Swinging Strike
3-2: Base on Balls
Batting: RHB Layton Templeman 0-0: Called Strike
0-1: Ball
1-1: Fly out, F7 (Flyball, 7M)
Bottom of the 5th over - 0 run(s), 0 hit(s), 0 error(s), 3 left on base; Hartford 1 - Kingston Township 0
TOP OF THE 6TH
Hartford Whalers batting - Pitching for Kingston Township Legion : RHP Jon Briddon
Batting: RHB Javier Díaz 0-0: Ball
1-0: Swinging Strike
1-1: Ball
2-1: Ball
3-1: Foul Ball, location: 2F
3-2: Base on Balls
Batting: RHB Joe Craig 0-0: Ball
1-0: Ball
2-0: Swinging Strike
2-1: Foul Ball, location: 2F
2-2: Strikes out swinging
Batting: LHB César Durán 0-0: Ball
Javier Díaz is caught stealing 2nd base
1-0: Called Strike
1-1: DOUBLE (Line Drive, 9LD)
Batting: RHB Michael Collins 0-0: Intentional Walk
Batting: RHB Jared Smith 0-0: Foul Ball, location: 2F
0-1: Foul Ball, location: 2F
0-2: Foul Ball, location: 2F
0-2: Foul Ball, location: 2F
0-2: Fly out, F3 (Popup, 3F)
Top of the 6th over - 0 run(s), 1 hit(s), 0 error(s), 2 left on base; Hartford 1 - Kingston Township 0
BOTTOM OF THE 6TH
Kingston Township Legion batting - Pitching for Hartford Whalers : RHP Fernando Peralta
Batting: LHB Clay Rush 0-0: Ball
1-0: Ground out U3 (Groundball, 3)
Batting: RHB Pedro Mendoza 0-0: Called Strike
0-1: SOLO HOME RUN (Flyball, 7D), Distance : 407 ft
Batting: RHB Pete Knight 0-0: Ball
1-0: Called Strike
1-1: SINGLE (Line Drive, 4M)
Batting: LHB Martín Núñes 0-0: Ball
Wild Pitch!
Pete Knight to second
1-0: Intentional Walk
Batting: RHB Dan Holliday 0-0: Ball
1-0: Swinging Strike
1-1: Grounds into double play, 5-4-3 (Groundball, 56)
Bottom of the 6th over - 1 run(s), 2 hit(s), 0 error(s), 1 left on base; Hartford 1 - Kingston Township 1
TOP OF THE 7TH
Hartford Whalers batting - Pitching for Kingston Township Legion : RHP Jon Briddon
Batting: RHB Phil Hayes 0-0: Ball
1-0: Called Strike
1-1: DOUBLE (Line Drive, 7M)
Batting: RHB Dave Farr 0-0: Intentional Walk
Batting: RHB Orlando Jiménez 0-0: Called Strike
0-1: Grounds into double play, 5-4-3 (Groundball, 56)
Phil Hayes to third
Batting: RHB Fernando Camacho 0-0: Fly out, F7 (Flyball, 7D)
Top of the 7th over - 0 run(s), 1 hit(s), 0 error(s), 1 left on base; Hartford 1 - Kingston Township 1
BOTTOM OF THE 7TH
Kingston Township Legion batting - Pitching for Hartford Whalers : RHP Fernando Peralta
Batting: RHB José Icaza 0-0: Called Strike
0-1: Called Strike
0-2: Foul Ball, location: 2F
0-2: Ball
1-2: Fly out, F2 (Popup, 23F)
Batting: LHB Forrest McCooke 0-0: Foul Ball, location: 2F
0-1: Foul Ball, location: 2F
0-2: Ball
1-2: Ball
2-2: Fly out, F7 (Flyball, 7S)
Batting: RHB Jon Erickson 0-0: Swinging Strike
0-1: Ball
1-1: Ball
2-1: Swinging Strike
2-2: Ball
3-2: Foul Ball, location: 2F
3-2: Strikes out swinging
Bottom of the 7th over - 0 run(s), 0 hit(s), 0 error(s), 0 left on base; Hartford 1 - Kingston Township 1
TOP OF THE 8TH
Hartford Whalers batting - Pitching for Kingston Township Legion : RHP Jon Briddon
Batting: RHB Javier Díaz 0-0: Foul Ball, location: 2F
0-1: Ball
1-1: Fly out, F7 (Line Drive, 78S)
Batting: RHB Joe Craig 0-0: Foul Ball, location: 2F
0-1: Called Strike
0-2: Foul Ball, location: 2F
0-2: Ground out 4-3 (Groundball, 4)
Pinch Hitting: RHB Juan Tapia 0-0: Ball
1-0: Foul Ball, location: 2F
1-1: Ground out 6-3 (Groundball, 6M)
Top of the 8th over - 0 run(s), 0 hit(s), 0 error(s), 0 left on base; Hartford 1 - Kingston Township 1
BOTTOM OF THE 8TH
Kingston Township Legion batting - Pitching for Hartford Whalers : RHP Fernando Peralta
Now at 1B: Troy Gine
Batting: RHB Layton Templeman 0-0: Ground out 5-3 (Groundball, 5L)
Batting: LHB Clay Rush 0-0: Ball
1-0: Ball
2-0: Ball
3-0: Called Strike
3-1: Swinging Strike
3-2: Base on Balls
Pitching: RHP Johnny Allen
Batting: RHB Pedro Mendoza 0-0: Ball
1-0: Foul Ball, location: 2F
1-1: Called Strike
1-2: Ball
2-2: Grounds into double play, 6-4-3 (Groundball, 56)
Bottom of the 8th over - 0 run(s), 0 hit(s), 0 error(s), 0 left on base; Hartford 1 - Kingston Township 1
TOP OF THE 9TH
Hartford Whalers batting - Pitching for Kingston Township Legion : RHP Jon Briddon
Batting: RHB Michael Collins 0-0: Ball
1-0: Swinging Strike
1-1: Ball
2-1: Ball
3-1: Foul Ball, location: 2F
3-2: Base on Balls
Pitching: RHP Bruce Hamilton
Batting: RHB Jared Smith 0-0: Ball
1-0: Fly out, F4 (Popup, 4MD)
Batting: RHB Phil Hayes 0-0: Ball
1-0: Called Strike
1-1: Called Strike
1-2: Fly out, F3 (Popup, 34)
Batting: RHB Dave Farr 0-0: Swinging Strike
0-1: Ball
1-1: Ball
2-1: Fielders Choice at 2nd, 6-4 (Groundball, 6)
Top of the 9th over - 0 run(s), 0 hit(s), 0 error(s), 0 left on base; Hartford 1 - Kingston Township 1
BOTTOM OF THE 9TH
Kingston Township Legion batting - Pitching for Hartford Whalers : RHP Johnny Allen
Batting: RHB Pete Knight 0-0: Ball
1-0: Foul Ball, location: 2F
1-1: Foul Ball, location: 2F
1-2: Fly out, F8 (Flyball, 8RXD)
Batting: LHB Martín Núñes 0-0: Ball
1-0: Ball
2-0: Swinging Strike
2-1: Ball
3-1: Ground out 1-3 (Groundball, 15)
Batting: RHB Dan Holliday 0-0: Fly out, F6 (Line Drive, 56D)
Bottom of the 9th over - 0 run(s), 0 hit(s), 0 error(s), 0 left on base; Hartford 1 - Kingston Township 1
TOP OF THE 10TH
Hartford Whalers batting - Pitching for Kingston Township Legion : RHP Bruce Hamilton
Batting: RHB Orlando Jiménez 0-0: Called Strike
0-1: Called Strike
0-2: Ball
1-2: Ball
2-2: Ball
3-2: SOLO HOME RUN (Flyball, 89XD), Distance : 444 ft
Batting: RHB Fernando Camacho 0-0: Ball
1-0: Ball
2-0: Called Strike
2-1: Ground out 4-3 (Groundball, 4)
Batting: RHB Javier Díaz 0-0: Ball
1-0: Foul Ball, location: 2F
1-1: Ground out 5-3 (Groundball, 56S)
Batting: RHB Joe Craig 0-0: Ball
1-0: Called Strike
1-1: Ball
2-1: Foul Ball, location: 2F
2-2: Strikes out looking
Top of the 10th over - 1 run(s), 1 hit(s), 0 error(s), 0 left on base; Hartford 2 - Kingston Township 1
BOTTOM OF THE 10TH
Kingston Township Legion batting - Pitching for Hartford Whalers : RHP Johnny Allen
Pitching: RHP Ernest White
Pinch Hitting: RHB Nectanebos Dolenian 0-0: Swinging Strike
0-1: Ball
1-1: Foul Ball, location: 2F
1-2: Ball
2-2: Strikes out looking
Batting: LHB Forrest McCooke 0-0: Ground out 6-3 (Groundball, 6)
Batting: RHB Jon Erickson 0-0: Ball
1-0: Called Strike
1-1: Ball
2-1: Foul Ball, location: 2F
2-2: Foul Ball, location: 2F
2-2: Hit by Pitch
Batting: RHB Layton Templeman 0-0: Ball
Jon Erickson steals 2nd base
1-0: Ball
2-0: Called Strike
2-1: Ball
3-1: Foul Ball, location: 2F
3-2: SINGLE (Groundball, 56D)
Jon Erickson to third
Jon Erickson scores
Batting: LHB Clay Rush 0-0: Ball
1-0: Called Strike
1-1: Ball
2-1: Swinging Strike
2-2: Strikes out swinging
Bottom of the 10th over - 1 run(s), 1 hit(s), 0 error(s), 1 left on base; Hartford 2 - Kingston Township 2
TOP OF THE 11TH
Hartford Whalers batting - Pitching for Kingston Township Legion : RHP Bruce Hamilton
Pitching: LHP Zach Williams Jr.
Now at C: Nectanebos Dolenian
Batting: RHB Troy Gine 0-0: SINGLE (Groundball, 5D)
Batting: RHB Michael Collins 0-0: Ball
1-0: Ball
2-0: DOUBLE (Line Drive, 5D)
Troy Gine to third
Batting: RHB Jared Smith 0-0: Ball
1-0: Called Strike
1-1: Ground out 5-3 (Groundball, 5)
Batting: RHB Phil Hayes 0-0: Intentional Walk
Batting: RHB Dave Farr 0-0: Swinging Strike
0-1: Called Strike
0-2: Ball
1-2: Ball
2-2: Strikes out looking
Batting: RHB Orlando Jiménez 0-0: Called Strike
0-1: Foul Ball, location: 2F
0-2: Strikes out swinging
Top of the 11th over - 0 run(s), 2 hit(s), 0 error(s), 3 left on base; Hartford 2 - Kingston Township 2
BOTTOM OF THE 11TH
Kingston Township Legion batting - Pitching for Hartford Whalers : RHP Ernest White
Batting: RHB Pedro Mendoza 0-0: Ball
1-0: Ground out 6-3 (Groundball, 6)
Batting: RHB Pete Knight 0-0: Swinging Strike
0-1: Ground out 5-3 (Groundball, 5S)
Batting: LHB Martín Núñes 0-0: Ball
1-0: Ball
2-0: Reached on Error, E7 (Flyball, 7D)
Batting: RHB Dan Holliday 0-0: Ball
1-0: Foul Ball, location: 2F
1-1: Fly out, F2 (Popup, 25)
Bottom of the 11th over - 0 run(s), 0 hit(s), 1 error(s), 1 left on base; Hartford 2 - Kingston Township 2
TOP OF THE 12TH
Hartford Whalers batting - Pitching for Kingston Township Legion : LHP Zach Williams Jr.
Batting: RHB Fernando Camacho 0-0: SINGLE (Groundball, 56)
Batting: RHB Javier Díaz 0-0: Sac Bunt - play at first, batter OUT! 1-4
Fernando Camacho to second
Batting: RHB Joe Craig 0-0: Intentional Walk
Batting: RHB Troy Gine 0-0: DOUBLE (Groundball, 5L)
Fernando Camacho scores
Joe Craig to third
Batting: RHB Michael Collins 0-0: Swinging Strike
0-1: Foul Ball, location: 2F
0-2: Ball
1-2: Strikes out swinging
Batting: RHB Jared Smith 0-0: Ground out 4-3 (Groundball, 4)
Top of the 12th over - 1 run(s), 2 hit(s), 0 error(s), 2 left on base; Hartford 3 - Kingston Township 2
BOTTOM OF THE 12TH
Kingston Township Legion batting - Pitching for Hartford Whalers : RHP Ernest White
Pitching: RHP Miguel González
Batting: RHB Nectanebos Dolenian 0-0: Ball
1-0: Ball
2-0: Called Strike
2-1: SINGLE (Line Drive, 78S)
Batting: LHB Forrest McCooke 0-0: Bunted foul
0-1: Ball
1-1: Ball
2-1: Bunted foul
2-2: Ball
3-2: Base on Balls
Nectanebos Dolenian to second
Batting: RHB Jon Erickson 0-0: Foul Ball, location: 2F
0-1: Ball
1-1: Ball
2-1: Ball
3-1: Base on Balls
Nectanebos Dolenian to third
Forrest McCooke to second
Batting: RHB Layton Templeman 0-0: Ball
1-0: Grounds into double play, 5-2-3 (Groundball, 56)
Forrest McCooke to third
Jon Erickson to second
Batting: LHB Clay Rush 0-0: Ball
1-0: Called Strike
1-1: Ball
2-1: Foul Ball, location: 2F
2-2: Strikes out swinging
Bottom of the 12th over - 0 run(s), 1 hit(s), 0 error(s), 2 left on base; Hartford 3 - Kingston Township 2
This league is powered by Out of the Park Baseball, the baseball management simulation game for PC, Mac and Linux
Friday, July 8th, 2016 - OOTP Baseball 16.9 Build 39